Map: Eternal Empire LE

Players

Geralt (Gerald) - Winner!

  • Race: Protoss Protoss
  • League: Grandmaster
  • Spawn Location: 7:00

HeroMarine

  • Race: Terran Terran
  • League: Master
  • Spawn Location: 1:00

Event: DreamHack SC2 Masters 2020 Summer Europe

VOD

Have the link to the VOD?

Description

Time

  • Played on: June 24, 2020, 12:51 p.m.
  • Length: 20:52

All games in this series

Show
View Real Time Build Order
Export as new Build Order

Geralt Protoss - Winner!

Build Orders: 1 Gate Expand, Phoenix Opening 

Get SALT Encoding   

  12  0:00  Probe  
  13  0:12  Probe  
  14  0:17  Pylon  
  14  0:23  Probe  
  15  0:32  Probe  
  15  0:39  Gateway  
  15  0:40  Probe  
  16  0:46  Assimilator  
  17  0:51  Probe  
  18  1:03  Probe  
  19  1:15  Probe  
  20  1:26  Cybernetics Core  
  20  1:27  Probe  
  21  1:37  Nexus  
  21  1:45  Pylon  
  21  1:46  Probe  
  22  1:54  Assimilator  
  22  1:58  Probe  
  23  2:10  Probe  
  23  2:14  Adept  
  24  2:19  Probe  
  24  2:20  Stargate  
  25  2:27  Probe  
  27  2:34  Warp Gate  
  27  2:37  Probe  
  28  2:44  Stalker  
  29  2:49  Probe x2  
  33  2:55  Phoenix  
  33  3:01  Probe x2  
  37  3:09  Gateway  
  37  3:13  Probe x2  
  37  3:15  Gateway  
  37  3:19  Phoenix  
  39  3:25  Probe x2  
  41  3:33  Assimilator  
  43  3:37  Probe, Pylon  
  44  3:46  Phoenix  
  46  3:53  Assimilator  
  46  3:55  Probe x2  
  48  4:01  Robotics Facility  
  48  4:03  Phoenix  
  48  4:07  Probe x2  
  50  4:16  Forge  
  52  4:19  Probe x2  
  52  4:34  Phoenix  
  54  4:41  Nexus  
  54  4:44  Pylon  
  54  4:49  Robotics Bay  
  54  4:50  Pylon  
  54  4:55  Protoss Ground Weapons Level 1  
  54  4:56  Assimilator  
  54  5:02  Probe x2  
  56  5:14  Probe x2  
  58  5:16  Twilight Council, Gateway  
  58  5:19  Immortal  
  58  5:20  Gateway  
  58  5:26  Probe  
  59  5:31  Stalker x2  
  59  5:34  Shield Battery  
  67  5:40  Stalker  
  63  5:50  Disruptor  
  63  6:00  Zealot  
  63  6:01  Charge, Zealot  
  63  6:02  Probe x2  
  63  6:03  Probe  
  73  6:09  Zealot  
  75  6:14  Probe x2  
  77  6:26  Adept x2  
  77  6:27  Adept x2  
  83  6:44  Disruptor  
  74  6:49  Stalker x4, Zealot  
  72  7:09  Probe, Protoss Ground Armor Level 1  
  72  7:10  Zealot  
  72  7:13  Zealot x4  
  81  7:16  Probe  
  81  7:19  Colossus  
  76  7:27  Probe  
  76  7:28  Probe  
  76  7:29  Probe, Blink  
  83  7:34  Gateway  
  83  7:36  Gateway  
  83  7:37  Gateway  
  83  7:39  Probe  
  83  7:40  Probe  
  85  7:49  Pylon  
  85  7:50  Extended Thermal Lance  
  85  8:00  Pylon  
  85  8:01  Pylon  
  85  8:02  Pylon  
  85  8:05  Pylon  
  85  8:07  Probe x3, Photon Cannon  
  88  8:13  Colossus  
  88  8:15  Stalker x2  
  94  8:26  Pylon  
  100  8:30  Nexus  
  100  8:33  Pylon  
  98  8:35  Stalker  
  98  8:38  Assimilator  
  98  8:41  Probe  
  101  8:42  Phoenix, Assimilator  
  101  8:45  Stalker x2  
  107  9:00  Probe  
  108  9:06  Colossus  
  108  9:08  Protoss Ground Armor Level 2  
  108  9:09  Probe  
  115  9:10  Stalker x3  
  115  9:12  Probe  
  122  9:17  Probe  
  122  9:23  Pylon  
  123  9:31  Pylon, Photon Cannon  
  123  9:32  Shield Battery  
  123  9:39  Templar Archives  
  123  9:48  Zealot x2  
  123  9:49  Zealot x4  
  123  9:50  Probe  
  123  9:51  Probe x2  
  138  9:58  Probe  
  139  10:02  Probe  
  139  10:03  Probe  
  139  10:04  Probe  
  139  10:05  Zealot x2  
  146  10:08  Psionic Storm  
  146  10:10  Probe  
  147  10:17  Probe  
  147  10:18  Probe  
  149  10:21  High Templar x2  
  149  10:22  Warp Prism, High Templar x2  
  155  10:38  Zealot x3  
  155  10:39  Zealot  
  155  10:41  Archon x2  
  163  10:54  Zealot x4  
  169  11:03  Pylon  
  169  11:05  Pylon  
  169  11:07  Pylon  
  169  11:10  Gateway  
  160  11:11  Gateway  
  160  11:14  Gateway  
  160  11:15  Gateway  
  160  11:17  Pylon  
  121  11:19  Colossus  
  121  11:20  Zealot x8  
  121  11:25  Protoss Ground Weapons Level 2  
  110  11:29  Probe x2  
  110  11:30  Probe  
  110  11:32  Probe  
  119  11:37  Probe  
  119  11:38  Probe  
  119  11:39  Probe  
  120  11:41  High Templar x3  
  120  11:42  Zealot, High Templar x4  
  120  11:44  Probe  
  120  11:45  Probe  
  120  11:46  Probe  
  140  11:47  Archon  
  140  11:50  Probe  
  143  11:55  Photon Cannon  
  143  11:56  Shield Battery  
  143  11:57  Probe x2  
  143  11:58  Probe  
  143  12:01  Assimilator  
  146  12:04  Stalker  
  148  12:14  Zealot x4  
  156  12:21  Disruptor  
  159  12:26  Nexus  
  159  12:30  Assimilator  
  159  12:37  High Templar x2  
  159  12:38  High Templar x2  
  167  12:45  Stalker x3  
  167  12:50  Zealot x4  
  181  12:56  Disruptor  
  184  12:59  Stalker  
  184  13:16  Dark Shrine  
  184  13:17  Zealot x7  
  196  13:21  Pylon  
  196  13:31  Pylon  
  196  13:32  Pylon  
  196  13:36  Unknown  
  196  13:37  Forge, Disruptor  
  196  13:39  Pylon  
  199  13:43  Protoss Ground Armor Level 3  
  187  14:07  Archon  
  173  14:10  Zealot x12  
  195  14:18  Disruptor  
  190  14:37  Zealot x10  
  166  14:39  Archon  
  166  14:40  Zealot x2  
  130  15:01  Dark Templar x3  
  130  15:02  Zealot x8  
  130  15:06  Probe x2  
  154  15:16  Stalker  
  156  15:27  Zealot x8  
  170  15:32  Protoss Shields Level 1  
  170  15:33  Disruptor  
  173  15:39  Stalker x3  
  173  15:55  Stalker x4, Zealot x4  
  177  16:12  High Templar x7  
  177  16:18  Warp Prism  
  167  16:26  High Templar x5  
  167  16:31  Archon x2  
  177  16:55  Gravitic Drive  
  177  17:00  Nexus  
  177  17:02  Pylon  
  177  17:06  Shadow Stride, Protoss Ground Weapons Level 3  
  177  17:14  Gateway  
  177  17:16  Pylon  
  177  17:18  Assimilator  
  177  17:22  Assimilator  
  174  17:41  Archon  
  164  18:03  Zealot x4  
  164  18:04  Zealot x8  
  176  18:19  Disruptor  
  169  18:32  Archon  
  134  18:37  Stalker x3  
  134  18:40  Stalker x3  
  120  18:44  Zealot x7  
  129  18:54  Colossus  
  130  18:59  Archon  
  130  19:05  Robotics Facility  
  130  19:09  Stalker x6  
  134  19:16  Nexus  
  130  19:24  Dark Templar x7  
  143  19:34  Dark Templar  
  143  19:35  Dark Templar x5  
  148  19:48  Disruptor  
  137  19:59  Zealot x7  
  122  20:09  Stalker x3  
  122  20:10  Stalker x3  
  110  20:42  Zealot x2, High Templar x4  
  120  20:43  Zealot x4  
  130  20:46  Nexus  
Show
View Real Time Build Order
Export as new Build Order

HeroMarine Terran 

Build Orders: Liberator Opening 

Get SALT Encoding   

  12  0:00  SCV  
  13  0:13  SCV  
  14  0:17  Supply Depot  
  14  0:25  SCV  
  15  0:38  SCV  
  15  0:39  Barracks  
  16  0:43  Refinery  
  16  0:50  SCV  
  17  1:03  SCV  
  18  1:15  SCV  
  19  1:26  Marine  
  19  1:27  Orbital Command  
  20  1:47  Command Center  
  20  1:48  Barracks Reactor  
  20  1:53  Supply Depot  
  20  1:55  SCV  
  21  2:07  SCV  
  22  2:08  Factory  
  22  2:18  Refinery  
  22  2:19  SCV  
  23  2:23  Marine  
  23  2:24  Marine  
  25  2:31  SCV  
  26  2:41  Marine  
  26  2:42  Marine  
  26  2:43  SCV  
  29  2:53  Hellion, Starport  
  31  2:59  SCV, Marine x2  
  31  3:04  Orbital Command  
  34  3:11  SCV  
  35  3:15  Factory Tech Lab  
  35  3:21  Marine x2  
  35  3:23  SCV  
  37  3:31  SCV  
  37  3:32  Supply Depot  
  38  3:35  SCV, Viking  
  38  3:41  Cyclone  
  44  3:45  Marine  
  44  3:48  Marine  
  46  3:49  SCV x2  
  46  3:53  Supply Depot  
  46  4:01  SCV x2  
  48  4:03  Marine  
  48  4:04  Supply Depot  
  48  4:06  Marine  
  50  4:13  Siege Tank  
  50  4:14  Liberator  
  56  4:21  Supply Depot, Marine  
  56  4:22  SCV  
  56  4:23  SCV, Marine  
  60  4:35  SCV x2  
  60  4:38  Marine  
  60  4:41  Marine  
  58  4:45  Siege Tank  
  58  4:47  SCV x2  
  58  4:51  Supply Depot  
  63  4:56  Marine  
  63  4:57  Medivac  
  63  4:59  SCV, Supply Depot, Marine  
  67  5:09  SCV  
  67  5:11  SCV  
  67  5:14  Marine  
  67  5:17  Cyclone, Marine  
  67  5:21  SCV  
  73  5:23  SCV  
  73  5:27  Command Center  
  73  5:32  Marine  
  73  5:33  SCV  
  73  5:35  SCV, Marine  
  77  5:36  Viking  
  77  5:45  SCV  
  77  5:47  SCV  
  79  5:50  Marine  
  79  5:52  Marine, Siege Tank  
  84  5:57  SCV  
  84  5:59  SCV  
  84  6:01  Barracks  
  84  6:02  Barracks  
  83  6:07  Marine  
  83  6:09  SCV  
  83  6:10  Marine  
  86  6:12  SCV  
  86  6:13  Viking, Bunker  
  89  6:21  SCV  
  89  6:24  SCV  
  89  6:25  Bunker, Marine  
  88  6:27  Siege Tank  
  88  6:28  Marine  
  93  6:33  SCV  
  93  6:36  SCV  
  91  6:43  Marine  
  91  6:46  SCV, Marine  
  88  6:48  SCV  
  88  6:50  Viking  
  88  6:53  Bunker  
  91  6:58  SCV, Refinery x2  
  91  7:01  SCV, Marine  
  89  7:04  Marine  
  81  7:10  SCV  
  81  7:13  SCV, Engineering Bay  
  82  7:19  Marine  
  82  7:21  Marine  
  82  7:22  SCV  
  80  7:25  SCV  
  80  7:28  Orbital Command, Siege Tank  
  80  7:30  Engineering Bay  
  80  7:31  Barracks Tech Lab  
  80  7:33  Barracks  
  80  7:34  SCV, Barracks  
  80  7:35  Barracks Tech Lab  
  80  7:36  Marine  
  81  7:37  SCV  
  81  7:39  Starport Reactor  
  81  7:40  Terran Infantry Weapons Level 1  
  81  7:41  Marine  
  84  7:46  SCV  
  84  7:49  SCV  
  84  7:50  Stimpack, Orbital Command  
  86  7:51  Marine  
  86  7:52  Refinery  
  86  7:54  Marine  
  86  7:56  Refinery  
  88  7:58  SCV, Marine  
  88  7:59  Marine  
  88  8:00  Siege Tank  
  88  8:01  SCV  
  95  8:09  Missile Turret, Marine  
  95  8:10  SCV  
  95  8:11  Missile Turret, Terran Infantry Armor Level 1  
  95  8:12  Marine  
  98  8:13  SCV  
  98  8:16  Supply Depot  
  98  8:17  SCV, Supply Depot  
  100  8:21  Combat Shield  
  100  8:22  SCV  
  100  8:23  Barracks Reactor, Barracks Tech Lab  
  100  8:24  Marine x2  
  100  8:25  SCV  
  104  8:27  Marine  
  104  8:29  SCV  
  104  8:30  Supply Depot, Marine  
  107  8:34  SCV  
  107  8:37  SCV  
  107  8:38  Siege Tank  
  107  8:41  Supply Depot, Marine  
  112  8:43  Marauder x2  
  112  8:44  Medivac  
  112  8:45  Marauder  
  112  8:47  Medivac  
  123  8:51  Missile Turret  
  123  8:52  Marine  
  123  8:53  Command Center  
  124  8:58  Armory  
  124  8:59  Marine  
  125  9:04  Concussive Shells, Marauder x2  
  125  9:06  Supply Depot, Marauder  
  125  9:09  Marine x2  
  133  9:10  Marine  
  133  9:13  Medivac  
  136  9:17  Medivac, Marine  
  136  9:19  Supply Depot  
  139  9:26  Supply Depot  
  139  9:27  Marine x3, Siege Tank  
  139  9:29  Marauder  
  139  9:30  Missile Turret  
  147  9:32  Marine x2  
  147  9:35  Bunker  
  149  9:39  Missile Turret  
  149  9:47  Marauder, Marine x2  
  149  9:51  Marauder x2, Marine x2  
  149  9:52  Terran Infantry Weapons Level 2  
  159  9:53  Terran Vehicle Weapons Level 1  
  159  9:55  Medivac  
  159  9:57  Medivac  
  159  9:59  Supply Depot  
  161  10:05  Marine x2  
  163  10:08  Marauder  
  163  10:09  Marine  
  163  10:11  SCV x2  
  163  10:12  SCV, Marauder  
  171  10:16  Marauder  
  171  10:17  Marine  
  171  10:19  Barracks  
  171  10:20  Factory, Barracks  
  174  10:22  Marine  
  174  10:23  Marine  
  174  10:27  Viking  
  174  10:28  Viking  
  177  10:30  Marauder  
  177  10:33  Marauder  
  181  10:38  Marauder, Marine x2  
  181  10:39  Siege Tank  
  180  10:50  Planetary Fortress  
  180  10:51  Marauder  
  180  10:52  Marine x2  
  180  10:55  Marauder  
  180  10:57  Marine x2  
  188  11:06  Marauder  
  188  11:08  Terran Infantry Armor Level 2  
  182  11:15  Marauder  
  159  11:21  Marauder, Marine x3  
  159  11:23  Marine  
  159  11:24  Siege Tank  
  144  11:26  Marine  
  144  11:32  Barracks Tech Lab x2  
  141  11:33  Ghost Academy, Factory Tech Lab  
  141  11:35  SCV x4  
  141  11:36  Marauder  
  141  11:38  Marine x2  
  141  11:39  Marine  
  150  11:41  Marine  
  155  11:47  Viking x2  
  155  11:49  Terran Ship Weapons Level 1  
  155  11:51  Ghost Academy  
  155  11:57  Refinery  
  155  11:58  Factory Reactor, Refinery, Starport  
  155  12:00  Missile Turret  
  158  12:03  Missile Turret  
  158  12:11  Marauder x2  
  158  12:12  Sensor Tower  
  168  12:17  Viking x2, Marine x3  
  168  12:18  Marine  
  173  12:23  Ghost x3  
  173  12:26  Enhanced Shockwaves  
  173  12:32  Marine x2  
  173  12:35  Marine x3  
  178  12:47  Viking x2  
  178  12:50  Ghost x2  
  186  12:55  Ghost  
  186  12:58  Command Center  
  188  12:59  Command Center  
  188  13:01  Supply Depot  
  188  13:03  Supply Depot  
  188  13:04  Ghost  
  190  13:07  Missile Turret  
  190  13:10  Missile Turret  
  190  13:11  Missile Turret  
  190  13:12  Missile Turret  
  189  13:15  Supply Depot  
  189  13:18  Terran Infantry Weapons Level 3  
  189  13:26  Ghost x2  
  193  13:34  Missile Turret  
  193  13:37  Marine x5  
  193  13:38  Marine x2  
  198  13:48  Terran Infantry Armor Level 3  
  198  13:49  Terran Ship Weapons Level 2  
  198  13:55  Marine x2  
  200  14:01  Ghost  
  178  14:03  Ghost, Marine x3  
  178  14:04  Ghost  
  178  14:06  Marine  
  178  14:09  SCV x2  
  181  14:12  Marine  
  181  14:17  Orbital Command  
  181  14:18  Marine  
  181  14:21  Ghost  
  184  14:28  Ghost  
  184  14:30  Ghost  
  188  14:36  Ghost  
  188  14:37  Marauder  
  164  14:39  Orbital Command  
  164  14:41  Marine x2  
  164  14:43  Marine x2  
  163  14:50  Marauder  
  161  14:57  Marine  
  161  14:58  Marine x2  
  161  14:59  Marine  
  150  15:04  Liberator x2  
  156  15:10  Liberator  
  159  15:17  Liberator  
  162  15:27  Marauder x2  
  162  15:28  Marauder  
  168  15:32  Siege Tank  
  171  15:42  Siege Tank  
  175  15:47  Orbital Command  
  175  15:49  Marine x2  
  165  15:54  Ghost  
  167  16:00  Liberator x2  
  171  16:08  Liberator  
  169  16:18  Liberator  
  172  16:25  Ghost  
  172  16:28  Personal Cloaking  
  174  16:46  Ghost x2, Fusion Core  
  174  16:47  Marauder  
  175  16:58  SCV, Missile Turret  
  175  16:59  SCV x2  
  178  17:05  Viking x2  
  182  17:11  Viking  
  183  17:36  Ghost  
  183  17:37  Ghost, Marine  
  183  17:38  Marine  
  183  17:39  Marauder x3  
  189  17:51  SCV x2  
  178  17:58  SCV  
  178  18:00  Marauder x2  
  179  18:09  Advanced Ballistics  
  165  18:21  Planetary Fortress  
  159  18:30  Ghost  
  159  18:32  Marauder  
  132  18:37  Marauder  
  129  18:56  Marauder x2, Marine x2  
  129  18:57  Ghost  
  129  18:58  Ghost, Marine  
  129  18:59  Marauder  
  129  19:00  Liberator  
  133  19:20  Ghost x2  
  133  19:21  Marauder  
  133  19:24  Marine x2  
  138  19:31  Marauder  
  137  19:43  Ghost x2  
  138  19:54  Marine x2  
  130  20:04  Marauder  
  130  20:05  Marauder  
  130  20:07  Marauder  
  111  20:12  Marauder  
  83  20:23  Marine x2  
  83  20:26  Marauder  
Tags
 
Add a new tag
Caveats
  • Supply blocks, unpowered buildings, or Contaminate may cause inaccurate times.
  • Supply counts are checked every 10 seconds.